PL
TOLEDO STINGERS @ BUCKHEAD BOWTIES
07/14/2034
 
TOP OF THE 1ST
Toledo Stingers batting - Pitching for Buckhead Bowties : RHP Oscar Kenselaar
Pitching: RHP Oscar Kenselaar
Batting: RHB Alfredo Martínez 0-0: Ball
1-0: Bunt missed!
1-1: Foul Ball, location: 2F
1-2: Foul Ball, location: 2F
1-2: Ball
2-2: Strikes out looking
Batting: LHB Francisco Alfaro 0-0: Called Strike
0-1: Foul Ball, location: 2F
0-2: Ball
1-2: Strikes out swinging
Batting: LHB Kyoji Hakoda 0-0: Ball
1-0: Called Strike
1-1: Foul Ball, location: 2F
1-2: Ball
2-2: Ball
3-2: Foul Ball, location: 2F
3-2: DOUBLE (Flyball, 78XD)
Batting: LHB Tural Bishara 0-0: Called Strike
0-1: Reached on error, E3 (Groundball, 34)
Kyoji Hakoda to third
Batting: SHB Dylan Carson 0-0: Ball
1-0: SINGLE (Groundball, 56S) (infield hit)
Kyoji Hakoda scores
Tural Bishara to second
Batting: RHB Tamasaburo Kato 0-0: Ground out 2-3 (Groundball, 15S)
Top of the 1st over - 1 run, 2 hits, 1 error, 2 left on base; Toledo 1 - Buckhead 0
BOTTOM OF THE 1ST
Buckhead Bowties batting - Pitching for Toledo Stingers : LHP Rust Cohle
Pitching: LHP Rust Cohle
Batting: LHB José Valéncia 0-0: Ball
1-0: Foul Ball, location: 2F
1-1: Ball
2-1: Ball
3-1: Base on Balls
Batting: RHB Richard Jost 0-0: Foul Ball, location: 2F
0-1: Swinging Strike
0-2: Ball
1-2: DOUBLE (Line Drive, 78D)
José Valéncia to third
Batting: RHB Derek Bangert 0-0: Ball
1-0: Ground out 5-3 (Groundball, 56S)
José Valéncia scores
Richard Jost to third
Batting: RHB David Edwards 0-0: Called Strike
0-1: Ball
1-1: Foul Ball, location: 2F
1-2: Strikes out looking
Batting: RHB Emílio Agramónte 0-0: Ball
1-0: Ball
2-0: Ball
3-0: Base on Balls
Batting: LHB Shunso Kiyomizu 0-0: Foul Ball, location: 2F
0-1: Foul Ball, location: 2F
0-2: Ball
1-2: Ball
2-2: Ball
3-2: Foul Ball, location: 2F
3-2: Foul Ball, location: 2F
3-2: Ground out U3 (Groundball, 3S)
Bottom of the 1st over - 1 run, 1 hit, 0 errors, 2 left on base; Toledo 1 - Buckhead 1
TOP OF THE 2ND
Toledo Stingers batting - Pitching for Buckhead Bowties : RHP Oscar Kenselaar
Batting: RHB Pedro Álvarez 0-0: Called Strike
0-1: Swinging Strike
0-2: Ground out 4-3 (Groundball, 4)
Batting: RHB Manny Bendixen 0-0: Fly out, F9 (Flyball, 9LM)
Batting: RHB Brett Callison 0-0: Foul Ball, location: 2F
0-1: Ball
1-1: Ground out 5-3 (Groundball, 56)
Top of the 2nd over - 0 runs, 0 hits, 0 errors, 0 left on base; Toledo 1 - Buckhead 1
BOTTOM OF THE 2ND
Buckhead Bowties batting - Pitching for Toledo Stingers : LHP Rust Cohle
Batting: RHB Kevin Baxter 0-0: Ball
1-0: Called Strike
1-1: Fly out, F8 (Line Drive, 78D)
Batting: RHB Raúl Ruíz 0-0: Ball
1-0: Called Strike
1-1: Ball
2-1: Foul Ball, location: 2F
2-2: SINGLE (Groundball, 6D)
Batting: LHB Félix López 0-0: Ball
1-0: Swinging Strike
1-1: Fly out, F9 (Flyball, 9S)
Batting: LHB José Valéncia 0-0: Ball
1-0: Called Strike
1-1: Ball
2-1: Foul Ball, location: 2F
2-2: Strikes out swinging
Bottom of the 2nd over - 0 runs, 1 hit, 0 errors, 1 left on base; Toledo 1 - Buckhead 1
TOP OF THE 3RD
Toledo Stingers batting - Pitching for Buckhead Bowties : RHP Oscar Kenselaar
Batting: RHB Alfredo Martínez 0-0: Foul Ball, location: 2F
0-1: Fly out, F5 (Flyball, 5D)
Batting: LHB Francisco Alfaro 0-0: Called Strike
0-1: Ball
1-1: Ball
2-1: Called Strike
2-2: Foul Ball, location: 2F
2-2: Fly out, F8 (Flyball, 8RM)
Batting: LHB Kyoji Hakoda 0-0: Ball
1-0: Ball
2-0: Ball
3-0: Base on Balls
Batting: LHB Tural Bishara 0-0: Called Strike
0-1: Ball
1-1: Swinging Strike
1-2: Ball
2-2: Ball
3-2: Ground out 4-3 (Groundball, 4)
Top of the 3rd over - 0 runs, 0 hits, 0 errors, 1 left on base; Toledo 1 - Buckhead 1
BOTTOM OF THE 3RD
Buckhead Bowties batting - Pitching for Toledo Stingers : LHP Rust Cohle
Batting: RHB Richard Jost 0-0: Called Strike
0-1: Swinging Strike
0-2: Ball
1-2: Ball
2-2: Fly out, F9 (Flyball, 89M)
Batting: RHB Derek Bangert 0-0: Ball
1-0: Ball
2-0: Ball
3-0: Base on Balls
Batting: RHB David Edwards 0-0: Called Strike
0-1: Ball
1-1: Swinging Strike
1-2: Ball
2-2: Foul Ball, location: 2F
2-2: Ball
3-2: Base on Balls
Derek Bangert to second
Batting: RHB Emílio Agramónte 0-0: Ball
1-0: Ball
Derek Bangert steals 3rd base
David Edwards to second
2-0: Called Strike
2-1: Called Strike
2-2: Foul Ball, location: 2F
2-2: Fly out, F8 (Flyball, 8RXD)
Runner from 3rd tags up, SCORES, no throw
David Edwards to third
Batting: LHB Shunso Kiyomizu 0-0: Ball
1-0: Ball
2-0: Ball
3-0: Ground out U3 (Groundball, 34)
Bottom of the 3rd over - 1 run, 0 hits, 0 errors, 1 left on base; Toledo 1 - Buckhead 2
TOP OF THE 4TH
Toledo Stingers batting - Pitching for Buckhead Bowties : RHP Oscar Kenselaar
Batting: SHB Dylan Carson 0-0: Ball
1-0: Called Strike
1-1: Ball
2-1: Ball
3-1: Foul Ball, location: 2F
3-2: Base on Balls
Batting: RHB Tamasaburo Kato 0-0: Ball
1-0: Foul Ball, location: 2F
1-1: Foul Ball, location: 2F
1-2: Strikes out swinging
Batting: RHB Pedro Álvarez 0-0: Called Strike
0-1: Ball
1-1: Ball
2-1: Swinging Strike
2-2: Strikes out swinging
Batting: RHB Manny Bendixen 0-0: Ball
Dylan Carson steals 2nd base
1-0: Foul Ball, location: 2F
1-1: Swinging Strike
1-2: Ground out 4-3 (Groundball, 4)
Top of the 4th over - 0 runs, 0 hits, 0 errors, 1 left on base; Toledo 1 - Buckhead 2
BOTTOM OF THE 4TH
Buckhead Bowties batting - Pitching for Toledo Stingers : LHP Rust Cohle
Batting: RHB Kevin Baxter 0-0: Called Strike
0-1: SINGLE (Groundball, 56D)
Batting: RHB Raúl Ruíz 0-0: Ball
1-0: Called Strike
1-1: SINGLE (Line Drive, 4MD)
Kevin Baxter to second
Runner from 2nd tries for 3rd, SAFE, no throw
Batting: LHB Félix López 0-0: Ball
1-0: Ball
2-0: Swinging Strike
2-1: Ball
3-1: Foul Ball, location: 2F
3-2: Base on Balls
Raúl Ruíz to second
Batting: LHB José Valéncia 0-0: Foul Ball, location: 2F
0-1: Fielders Choice at 2nd, 3-6 (Groundball, 3)
Kevin Baxter scores
Raúl Ruíz to third
Batting: RHB Richard Jost 0-0: Called Strike
0-1: Called Strike
José Valéncia steals 2nd base
0-2: Ground out 6-3 (Groundball, 6)
Raúl Ruíz scores
Batting: RHB Derek Bangert 0-0: Called Strike
0-1: Called Strike
0-2: Ball
1-2: Fly out, F8 (Flyball, 8LS)
Bottom of the 4th over - 2 runs, 2 hits, 0 errors, 1 left on base; Toledo 1 - Buckhead 4
TOP OF THE 5TH
Toledo Stingers batting - Pitching for Buckhead Bowties : RHP Oscar Kenselaar
Batting: RHB Brett Callison 0-0: Ball
1-0: Ball
2-0: Foul Ball, location: 2F
2-1: Foul Ball, location: 2F
2-2: SINGLE (Flyball, 7LM)
Batting: RHB Alfredo Martínez 0-0: Sac Bunt - play at first, batter OUT! 1-3
Brett Callison to second
Batting: LHB Francisco Alfaro 0-0: Ball
1-0: Called Strike
1-1: Fly out, F8 (Flyball, 8LXD)
Runner from 2nd tags up, SAFE at 3rd, no throw
Batting: LHB Kyoji Hakoda 0-0: Ball
1-0: Called Strike
1-1: Ground out U3 (Groundball, 34)
Top of the 5th over - 0 runs, 1 hit, 0 errors, 1 left on base; Toledo 1 - Buckhead 4
BOTTOM OF THE 5TH
Buckhead Bowties batting - Pitching for Toledo Stingers : LHP Rust Cohle
Batting: RHB David Edwards 0-0: Ball
1-0: Ball
2-0: Foul Ball, location: 2F
2-1: Foul Ball, location: 2F
2-2: Strikes out swinging
Batting: RHB Emílio Agramónte 0-0: Swinging Strike
0-1: Foul Ball, location: 2F
0-2: Hit by Pitch
Pitching: RHP Juan Parales
Batting: LHB Shunso Kiyomizu 0-0: Ball
1-0: Swinging Strike
1-1: Fly out, F9 (Flyball, 9LS)
Batting: RHB Kevin Baxter 0-0: Ball
1-0: Called Strike
1-1: Foul Ball, location: 2F
1-2: Foul Ball, location: 2F
1-2: SINGLE (Groundball, 4D)
Emílio Agramónte to second
Runner from 2nd tries for 3rd, OUT!
Bottom of the 5th over - 0 runs, 1 hit, 0 errors, 1 left on base; Toledo 1 - Buckhead 4
TOP OF THE 6TH
Toledo Stingers batting - Pitching for Buckhead Bowties : RHP Oscar Kenselaar
Batting: LHB Tural Bishara 0-0: Foul Ball, location: 2F
0-1: Swinging Strike
0-2: Ball
1-2: Fly out, F8 (Flyball, 78M)
Batting: SHB Dylan Carson 0-0: Called Strike
0-1: Foul Ball, location: 2F
0-2: Foul Ball, location: 2F
0-2: Foul Ball, location: 2F
0-2: Ball
1-2: Ball
2-2: Foul Ball, location: 2F
2-2: Ball
3-2: Base on Balls
Batting: RHB Tamasaburo Kato 0-0: Ball
1-0: Ball
2-0: Foul Ball, location: 2F
2-1: SINGLE (Line Drive, 4MD)
Dylan Carson to second
Batting: RHB Pedro Álvarez 0-0: Called Strike
0-1: Ball
1-1: Grounds into double play, 6-4-3 (Groundball, 6)
Top of the 6th over - 0 runs, 1 hit, 0 errors, 1 left on base; Toledo 1 - Buckhead 4
BOTTOM OF THE 6TH
Buckhead Bowties batting - Pitching for Toledo Stingers : RHP Juan Parales
Batting: RHB Raúl Ruíz 0-0: Swinging Strike
0-1: Single, Error in OF, E7, batter to second base
Batting: LHB Félix López 0-0: Called Strike
0-1: Ball
1-1: Foul Ball, location: 2F
1-2: TRIPLE (Line Drive, 8RXD)
Raúl Ruíz scores
Batting: LHB José Valéncia 0-0: Called Strike
0-1: Ball
1-1: Called Strike
1-2: Ball
2-2: Foul Ball, location: 2F
2-2: Ball
3-2: Fly out, F6 (Popup, 6)
Batting: RHB Richard Jost 0-0: Swinging Strike
0-1: Swinging Strike
0-2: DOUBLE (Line Drive, 7LM)
Félix López scores
Batting: RHB Derek Bangert 0-0: Called Strike
0-1: Ball
1-1: Ball
2-1: Ball
3-1: Foul Ball, location: 2F
3-2: Base on Balls
Batting: RHB David Edwards 0-0: Foul Ball, location: 2F
0-1: Hit by Pitch
Richard Jost to third
Derek Bangert to second
Batting: RHB Emílio Agramónte 0-0: Ball
1-0: Ball
2-0: Grounds into fielders choice 6-2 (Groundball, 6)
Derek Bangert to third
David Edwards to second
Batting: LHB Shunso Kiyomizu 0-0: Ball
1-0: Swinging Strike
1-1: SINGLE (Groundball, 4M) (infield hit)
Derek Bangert scores
David Edwards to third
Emílio Agramónte to second
Batting: RHB Kevin Baxter 0-0: Ball
1-0: Called Strike
1-1: Called Strike
1-2: Ball
2-2: Ball
3-2: Foul Ball, location: 2F
3-2: Base on Balls
David Edwards scores
Emílio Agramónte to third
Shunso Kiyomizu to second
Batting: RHB Raúl Ruíz 0-0: Ball
1-0: Ball
2-0: Called Strike
2-1: DOUBLE (Flyball, 89D)
Emílio Agramónte scores
Shunso Kiyomizu scores
Kevin Baxter to third
Runner from 3rd tries for Home, SAFE, no throw
Batting: LHB Félix López 0-0: Ball
1-0: Foul Ball, location: 2F
1-1: Ball
2-1: SINGLE (Groundball, 34D)
Raúl Ruíz to third
Runner from 3rd tries for Home, SAFE, no throw
Batting: LHB José Valéncia 0-0: Ball
1-0: Ball
2-0: Called Strike
2-1: Foul Ball, location: 2F
2-2: Ground out 4-3 (Groundball, 4)
Bottom of the 6th over - 8 runs, 6 hits, 1 error, 1 left on base; Toledo 1 - Buckhead 12
TOP OF THE 7TH
Toledo Stingers batting - Pitching for Buckhead Bowties : RHP Oscar Kenselaar
Batting: RHB Manny Bendixen 0-0: Swinging Strike
0-1: Foul Ball, location: 2F
0-2: Ball
1-2: Ground out 5-3 (Groundball, 56)
Batting: RHB Brett Callison 0-0: Ball
1-0: Ball
2-0: Ball
3-0: Called Strike
3-1: Base on Balls
Pitching: LHP Yajirobei Otomo
Batting: RHB Alfredo Martínez 0-0: Ball
1-0: Ball
Pickoff Throw to First - Out!
2-0: Called Strike
2-1: Fly out, F9 (Flyball, 9LS)
Top of the 7th over - 0 runs, 0 hits, 0 errors, 0 left on base; Toledo 1 - Buckhead 12
BOTTOM OF THE 7TH
Buckhead Bowties batting - Pitching for Toledo Stingers : RHP Juan Parales
Batting: RHB Richard Jost 0-0: Ball
1-0: Fly out, F8 (Flyball, 8RD)
Pitching: RHP Danny Bystrom
Batting: RHB Derek Bangert 0-0: Called Strike
0-1: Ball
1-1: Swinging Strike
1-2: Ball
2-2: Foul Ball, location: 2F
2-2: SINGLE (Line Drive, 4D)
Batting: RHB David Edwards 0-0: Ball
1-0: Foul Ball, location: 2F
1-1: 2-RUN HOME RUN (Flyball, 78XD), Distance : 427 ft
Batting: RHB Emílio Agramónte 0-0: SOLO HOME RUN (Flyball, 7LD), Distance : 370 ft
Batting: LHB Shunso Kiyomizu 0-0: Ball
1-0: Ball
2-0: Called Strike
2-1: Ball
3-1: Called Strike
3-2: Fly out, F7 (Line Drive, 7)
Batting: RHB Kevin Baxter 0-0: Called Strike
0-1: Swinging Strike
0-2: Ball
1-2: Foul Ball, location: 2F
1-2: SINGLE (Groundball, 56D)
Batting: RHB Raúl Ruíz 0-0: Fly out, F8 (Flyball, 8LXD)
Bottom of the 7th over - 3 runs, 4 hits, 0 errors, 1 left on base; Toledo 1 - Buckhead 15
TOP OF THE 8TH
Toledo Stingers batting - Pitching for Buckhead Bowties : LHP Yajirobei Otomo
Batting: LHB Francisco Alfaro 0-0: Ball
1-0: Foul Ball, location: 2F
1-1: Swinging Strike
1-2: Strikes out swinging
Batting: LHB Kyoji Hakoda 0-0: Ball
1-0: Foul Ball, location: 2F
1-1: Swinging Strike
1-2: Fly out, F5 (Popup, 25)
Batting: LHB Tural Bishara 0-0: Called Strike
0-1: Foul Ball, location: 2F
0-2: SINGLE (Groundball, 34D)
Batting: SHB Dylan Carson 0-0: Called Strike
0-1: Called Strike
0-2: Fly out, F7 (Flyball, 7S)
Top of the 8th over - 0 runs, 1 hit, 0 errors, 1 left on base; Toledo 1 - Buckhead 15
BOTTOM OF THE 8TH
Buckhead Bowties batting - Pitching for Toledo Stingers : RHP Danny Bystrom
Batting: LHB Félix López 0-0: Ball
1-0: Ball
2-0: Ball
3-0: Base on Balls
Batting: LHB José Valéncia 0-0: Ball
1-0: Called Strike
1-1: Ball
2-1: Foul Ball, location: 2F
2-2: Foul Ball, location: 2F
2-2: SINGLE (Groundball, 4MS) (infield hit)
Félix López to second
Batting: RHB Richard Jost 0-0: Ball
1-0: Fly out, F7 (Flyball, 7)
Batting: RHB Derek Bangert 0-0: Foul Ball, location: 2F
0-1: Ball
1-1: Swinging Strike
1-2: Foul Ball, location: 2F
1-2: Strikes out swinging
Batting: RHB David Edwards 0-0: Foul Ball, location: 2F
0-1: Ball
1-1: Ball
2-1: Ball
3-1: Base on Balls
Félix López to third
José Valéncia to second
Batting: RHB Emílio Agramónte 0-0: Fly out, F4 (Popup, 34S)
Bottom of the 8th over - 0 runs, 1 hit, 0 errors, 3 left on base; Toledo 1 - Buckhead 15
TOP OF THE 9TH
Toledo Stingers batting - Pitching for Buckhead Bowties : LHP Yajirobei Otomo
Batting: RHB Tamasaburo Kato 0-0: Ball
1-0: Foul Ball, location: 2F
1-1: Ball
2-1: Swinging Strike
2-2: Foul Ball, location: 2F
2-2: Fly out, F8 (Flyball, 8LM)
Batting: RHB Pedro Álvarez 0-0: Called Strike
0-1: Fly out, F3 (Line Drive, 34)
Batting: RHB Manny Bendixen 0-0: Called Strike
0-1: Ball
1-1: Ground out U3 (Groundball, 34)
Top of the 9th over - 0 runs, 0 hits, 0 errors, 0 left on base; Toledo 1 - Buckhead 15
Friday, March 29th, 2019 - OOTP Baseball 18.8 Build 76